 Dungeon Crawl Stone Soup version 0.28-a0-861-ge64d6db94f (webtiles) character file.

Game seed: 14539267850597434242

2997 cheechan the Cudgeller (level 9, -6/82 HPs)
             Began as a Naga Fighter on Nov 12, 2021.
             Was a Believer of Okawaru.
             Mangled by a swamp worm (8 damage)
             ... on level 10 of the Dungeon on Nov 15, 2021.
             The game lasted 00:31:35 (6186 turns).

cheechan the Cudgeller (Naga Fighter)               Turns: 6186, Time: 00:31:36

Health: -6/82      AC: 12    Str: 19 (22) XL:     9   Next: 84%
Magic:  9/9        EV:  7    Int:  5 (8)  God:    Okawaru [**....]
Gold:   262        SH:  5    Dex: 16 (19) Spells: 8/8 levels left

rFire   . . .      SeeInvis +   i - +2 mace (protect)
rCold   . . .      Faith    .   c - +0 buckler
rNeg    . . .      Spirit   .   f - +0 chain mail
rPois   +          Reflect  .   (no helmet)
rElec   .          Harm     .   m - +0 cloak
rCorr   .          Rampage  .   (no gloves)
Will    +....                   (no barding)
Stlth   ..........              k - amulet of regeneration
HPRegen 1.23/turn               o - +6 ring of dexterity
MPRegen 0.11/turn               q - ring of wizardry

@: on berserk cooldown, slowed, studying Dodging, very slow
A: AC +3, large, see invisible, deformed body, poison resistance, slowness 2,
spit poison 2, naga tail 1, iridescent scales 1, strong 1
a: Breathe Poison Gas, Renounce Religion, Heroism


You were on level 10 of the Dungeon.
You worshipped Okawaru.
Okawaru was pleased with you.
You visited 2 branches of the dungeon, and saw 9 of its levels.

You collected 262 gold pieces.

Inventory:

Hand Weapons
 i - a +2 mace of protection (weapon)
 l - a +3 quarterstaff of chaos
 y - a +0 hand crossbow
 A - a +2 morningstar
 B - a +0 whip
Missiles
 h - 83 bolts
 j - 99 arrows
 s - 8 boomerangs
Armour
 c - a +0 buckler (worn)
 f - a +0 chain mail (worn)
 m - a +0 cloak (worn)
 u - a +0 kite shield
Jewellery
 k - an amulet of regeneration (around neck)
 o - a +6 ring of dexterity (left hand)
 q - a ring of wizardry (right hand)
Wands
 a - a wand of paralysis (7)
Scrolls
 v - a scroll of fog
Potions
 b - 2 potions of magic
 d - a potion of might
 e - a potion of resistance {unknown}
 g - a potion of berserk rage
 p - a potion of flight {unknown}
 t - 4 potions of attraction
 w - a potion of invisibility {unknown}


   Skills:
 + Level 6.0 Fighting
 + Level 2.4(5.3) Axes
 + Level 7.4(7.6) Maces & Flails
 + Level 6.3 Armour
 + Level 3.4 Dodging
 + Level 2.0 Stealth
 + Level 5.0 Shields


You had 8 spell levels left.
You didn't know any spells.
Your spell library contained the following spells:

 Spells                   Type           Power      Damage    Failure   Level
 Apportation              Tloc           0%         N/A       87%         1
 Freeze                   Ice            0%         1d3       87%         1
 Sandblast                Erth           0%         2d4       87%         1
 Slow                     Hex            0%         N/A       87%         1
 Passwall                 Tmut/Erth      0%         N/A       95%         2
 Confusing Touch          Hex            0%         N/A       99%         3
 Frozen Ramparts          Ice            0%         1d2       99%         3
 Stone Arrow              Conj/Erth      0%         3d7       99%         3
 Vampiric Draining        Necr           0%         2d6       99%         3
 Hailstorm                Conj/Ice       0%         3d3       100%        4
 Animate Skeleton         Necr           Unusable   N/A       N/A         1
 Summon Small Mammal      Summ           Unusable   N/A       N/A         1

Dungeon Overview and Level Annotations

Branches:
Dungeon (7/15)             Temple (1/1) D:6

Altars:
Ashenzari
Cheibriados
Dithmenos
Fedhas
Gozag
Kikubaaqudgha
Nemelex Xobeh
Okawaru
Qazlal
Ru
Sif Muna
Uskayaw
Vehumet
Wu Jian
Yredelemnul
Zin
The Shining One

Shops:
D:3 ?[=?


Innate Abilities, Weirdness & Mutations

Your serpentine skin is tough. (AC +3)
You have supernaturally acute eyesight. (SInv)
Armour fits poorly on your strangely shaped body.
Your system is resistant to poisons. (rPois)
You cover ground very slowly.
You can exhale a cloud of poison.
You have a snake-like lower body.
You are partially covered in iridescent scales. (AC +2)
Your muscles are strong. (Str +2)


Message History

The howler monkey barely misses you. The yak closely misses you. x2
The yak gores you.
* * * LOW HITPOINT WARNING * * *
The howler monkey hoots and howls with incredible vigour!
The swamp worm bites you!
* * * LOW HITPOINT WARNING * * *
The howler monkey hits you but does no damage.
You hit the yak.
Your weapon exudes an aura of protection.
The yak is severely wounded.
The yak gores you but does no damage. The yak barely misses you.
The yak gores you but does no damage. The swamp worm bites you.
* * * LOW HITPOINT WARNING * * *
The yak gores you.
* * * LOW HITPOINT WARNING * * *
Unknown command.
It was a potion of degeneration.
There was something very wrong with that liquid.
You feel weakened.
You feel dopey.
You feel clumsy.
The howler monkey hoots and howls with incredible vigour!
The swamp worm bites you but does no damage.
The howler monkey hoots and howls with incredible vigour!
The yak gores you but does no damage. x2
The howler monkey hits you but does no damage.
The yak gores you but does no damage. You block the swamp worm's attack.
The howler monkey hits you.
* * * LOW HITPOINT WARNING * * *
You block the yak's attack. The yak gores you but does no damage.
It was a potion of mutation.
You feel extremely strange.
There is a nasty taste in your mouth for a moment.
Iridescent scales grow over part of your body.
You feel stronger.
The howler monkey hits you but does no damage.
The swamp worm barely misses you. The howler monkey barely misses you.
The yak snorts and paws the ground.
The yak closely misses you. The yak gores you.
* * * LOW HITPOINT WARNING * * *
The yak closely misses you. The howler monkey closely misses you.
The swamp worm bites you!
You die...

*,,,,*+******,,,,,,,,,,+,,,,*,,,
*,,,,*,,,,,,#.........,******,,,
*,,,,*,,,,,,#........,,,,,,,,,,,
*,,,**,,,,,,#......<#*********#.
*,,,*,,,,,,,#.......#,,,,,,,,,#.
*,,,*,,,,,,,#.......#,,,,,,#++#.
*,,,+,,,,,,,#.......#,,,,,,#....
*,,,*,,,,,,,#...Y...##,,,,,#....
*,,,*,>,,,,,#.h@Yh...#,,,,,#....
**,,,******###.Yhw....#####+#....
,,,,,,,,,,.......................
,,,,,,,,,...........†....###...##
,,,,,,,,,................§.#...#.
,,,,,,,,,...........§§...#.#...#.
,,,,,,,,,............§...#.#...#.
**,,,,,,,...........§#####.#...#.
*,,,,,,,,...........#.....#...#.


You could see 3 yaks, a swamp worm and 3 howler monkeys.

Vanquished Creatures
  A tyrant leech (D:10)
  An acid dragon (D:7)
  An orc warrior (D:10)
  An ice beast (D:7)
  A black bear (D:6)
  A hornet zombie (D:7)
  A necrophage (D:4)
  4 ogres
  A phantom (D:7)
  A kobold brigand (D:7)
  A gnoll sergeant (D:7)
  2 scorpions
  11 killer bees (D:7)
  5 wights (D:7)
  A centaur zombie (D:10)
  6 hounds
  3 orc priests
  A gnoll shaman (D:7)
  Crazy Yiuf (D:2)
  2 centaur skeletons
  2 iguanas
  Natasha (thrice) (D:3)
  2 orc wizards
  A howler monkey skeleton (D:6)
  7 gnolls (D:7)
  9 adders
  2 shadow imps
  2 white imps
  2 ufetubi
  2 adder skeletons
  2 worms (D:2)
  17 orcs
  4 ball pythons
  8 endoplasms
  2 giant cockroaches
  4 goblins
  6 hobgoblins
  9 kobolds
  3 quokkas
  A bat (D:1)
  2 frilled lizards (D:1)
  5 rats
141 creatures vanquished.

Vanquished Creatures (others)
  4 plants (D:10)
4 creatures vanquished.

Grand Total: 145 creatures vanquished

Notes
Turn   | Place    | Note
-------+----------+-------------------------------------------
     0 | D:1      | cheechan the Naga Fighter began the quest for the Orb.
     0 | D:1      | Reached XP level 1. HP: 21/21 MP: 1/1
   191 | D:1      | Reached XP level 2. HP: 20/28 MP: 2/2
   708 | D:1      | You fall into a shaft and drop 1 floor!
   910 | D:2      | Reached XP level 3. HP: 33/34 MP: 3/3
  1016 | D:2      | Found a runed translucent door.
  1017 | D:2      | Noticed Crazy Yiuf
  1029 | D:2      | Killed Crazy Yiuf
  1030 | D:2      | Reached XP level 4. HP: 20/42 MP: 4/4
  1104 | D:2      | Found a sacrificial altar of Ru.
  1320 | D:2      | Reached skill level 1 in Maces & Flails
  1370 | D:2      | Upgraded the game from 0.28-a0-845-gfc338a8e3c to
                  | 0.28-a0-861-ge64d6db94f
  1730 | D:3      | Found Muor's Antique Armour Shop.
  1789 | D:3      | Found Jyuseygeosk's Magic Scroll Shop.
  1832 | D:3      | Reached XP level 5. HP: 36/49 MP: 5/5
  1890 | D:3      | Found Heptoco's Jewellery Shop.
  1976 | D:3      | Found a radiant altar of Vehumet.
  2057 | D:3      | Found Enaorehi's Magic Scroll Shop.
  2095 | D:3      | Found a sparkling altar of Nemelex Xobeh.
  2272 | D:3      | Noticed Natasha
  2288 | D:3      | Reached skill level 2 in Maces & Flails
  2290 | D:3      | Killed Natasha
  2295 | D:3      | Reached XP level 6. HP: 56/56 MP: 6/6
  2375 | D:3      | Noticed Natasha
  2384 | D:3      | Killed Natasha
  2469 | D:3      | Noticed Natasha
  2474 | D:3      | Killed Natasha
  2812 | D:4      | Reached skill level 3 in Maces & Flails
  3213 | D:4      | Noticed a necrophage
  3224 | D:4      | Reached skill level 1 in Stealth
  3235 | D:4      | Killed a necrophage
  3236 | D:4      | Reached XP level 7. HP: 40/64 MP: 7/7
  3257 | D:4      | Reached skill level 4 in Maces & Flails
  3301 | D:4      | Found a blossoming altar of Fedhas.
  3359 | D:5      | Entered Level 5 of the Dungeon
  3451 | D:5      | Found a broken altar of Ashenzari.
  4105 | D:5      | Reached skill level 1 in Dodging
  4115 | D:5      | Found a sacrificial altar of Ru.
  4358 | D:6      | Reached skill level 5 in Maces & Flails
  4358 | D:6      | Reached XP level 8. HP: 48/73 MP: 8/8
  4390 | D:6      | Found a staircase to the Ecumenical Temple.
  4405 | Temple   | Entered the Ecumenical Temple
  4430 | Temple   | Became a worshipper of Warmaster Okawaru
  4640 | D:6      | Found a basalt altar of Yredelemnul.
  4780 | D:6      | Reached skill level 5 in Armour
  4788 | D:6      | Found an ancient bone altar of Kikubaaqudgha.
  5056 | D:7      | Reached * piety under Okawaru
  5059 | D:7      | Reached skill level 6 in Maces & Flails
  5180 | D:7      | Reached skill level 5 in Fighting
  5180 | D:7      | Reached XP level 9. HP: 22/81 MP: 9/9
  5438 | D:7      | Reached ** piety under Okawaru
  5671 | D:7      | Reached skill level 7 in Maces & Flails
  5793 | D:7      | You fall into a shaft and drop 3 floors!
  5793 | D:10     | Entered Level 10 of the Dungeon
  6076 | D:10     | Found a stormy altar of Qazlal.
  6139 | D:10     | Reached skill level 5 in Shields
  6152 | D:10     | Noticed a tyrant leech
  6171 | D:10     | Killed a tyrant leech
  6172 | D:10     | HP: 3/123 [yak (8)]
  6184 | D:10     | HP: 3/82 [swamp worm (5)]
  6184 | D:10     | HP: 1/82 [yak (2)]
  6186 | D:10     | Gained mutation: You can exhale a cloud of poison. [potion
                  | of mutation]
  6186 | D:10     | Gained mutation: You are partially covered in iridescent
                  | scales. (AC +2) [potion of mutation]
  6186 | D:10     | Gained mutation: Your muscles are strong. (Str +2) [potion
                  | of mutation]
  6186 | D:10     | Mangled by a swamp worm

Illustrated notes

Levels and vault maps discovered:
D:1:      sevenhm_arrival_forest_fort_large_3, layout_rooms, serial_glass,
          glass_columns_c, glass_columns_a
D:2:      layout_loops_corners, basic_altar, due_unseen_surprise,
          uniq_crazy_yiuf_cottage
D:3:      layout_loops_ring, mainiacjoe_overflow_brackets,
          nemelex_xobeh_ov_fountains_minmay, serial_shops, shop,
          nicolae_shop_hallway_stairs, nicolae_shop_behind_doors,
          nicolae_shop_statue_plus, serial_bayou_pond_b,
          hangedman_abyss_or_decor_lesser_grid, uniq_natasha
D:4:      layout_gridville, fedhas_altar_1
D:5:      layout_loops_corners, cheibrodos_ashenzari_chains,
          nicolae_ru_awakened_eye, serial_bayou_ford_a
D:6:      layout_cave_pools, mainiacjoe_overflow_catwalk,
          kiku_gazebo_garden_becter, minmay_temple_entry_tees,
          minmay_manual_moon
D:7:      layout_basic, corexii_item_surrounded_by_moat
D:10:     layout_irregular_city, mainiacjoe_overflow_alcove_4, worms_lemuel
Temple:   cyrus_circular_temple

Skill      XL: |  1  2  3  4  5  6  7  8  9 |
---------------+----------------------------+-----
Armour         | 3 4 5 6 |  6.3
Maces & Flails | 1 2 3 5 6 7 |  7.4
Shields        | 3 4 5 |  5.0
Stealth        | 1 2 |  2.0
Fighting       | 4 5 6 |  6.0
Dodging        | 1 3 |  3.4
Axes           | |  2.4

Action                   |  1- 3 |  4- 6 |  7- 9 || total
-------------------------+-------+-------+-------++-------
Melee: War axe           |    28 |       |       ||    28
       Mace              |    19 |   153 |   420 ||   592
       Morningstar       |       |       |    24 ||    24
 Abil: Spit Poison       |    10 |    13 |     9 ||    32
  Use: Scroll            |     2 |     4 |     5 ||    11
       Potion            |       |       |     9 ||     9
Armor: Chain mail        |    16 |   107 |   442 ||   565
       Scale mail        |     6 |       |       ||     6
       Skin              |       |       |    42 ||    42
Dodge: Dodged            |    15 |    32 |   224 ||   271
Block: Buckler           |    11 |    47 |   225 ||   283

Table legend: (Time is in decaauts)
 A = Elapsed time spent in this place.
 B = Non-inter-level travel time spent in this place.
 C = Inter-level travel time spent in this place.
 D = Time resting spent in this place.
 E = Time spent auto-exploring this place.
 F = Levels seen in this place.
 G = Mean time per level.
                   A        B        C        D        E       F      G
               +--------+--------+--------+--------+--------+-----+--------+
         Total |   8260 |   8260 |      0 |    367 |      0 |   9 |  917.8 |
       Dungeon |   8211 |   8211 |      0 |    367 |      0 |   8 | 1026.4 |
        Temple |     48 |     48 |      0 |      0 |      0 |   1 |   48.0 |
               +--------+--------+--------+--------+--------+-----+--------+

Top non-repeatable levels by time:
     D:2: 1386 daAuts
     D:5: 1293 daAuts
     D:3: 1146 daAuts
     D:4: 1097 daAuts
     D:6: 953 daAuts
     D:1: 932 daAuts
     D:7: 899 daAuts
    D:10: 502 daAuts
  Temple: 48 daAuts
